TOP OF THE 1ST |
Biloxi Shuckers batting - Pitching for Tulsa Drillers : RHP Eddie Usrey
|
Pitching: RHP Eddie Usrey
|
|
Batting: RHB Nick Cummings
|
0-0: Foul Ball, location: 2F 0-1: Ground out 6-3 (Groundball, 6, EV 87.5 MPH)
|
Batting: SHB Mike Williams
|
0-0: Ball 1-0: Ball 2-0: Called Strike 2-1: Foul Ball, location: 2F 2-2: Ground out 6-3 (Groundball, 6, EV 80.0 MPH)
|
Batting: SHB Orlando Torres
|
0-0: SOLO HOME RUN (Flyball, 89XD, EV 98.1 MPH), Distance : 411 ft
|
Batting: LHB Pablo Cardona
|
0-0: Foul Ball, location: 2F 0-1: Fly out, F9 (Flyball, 9, EV 82.5 MPH)
|
Top of the 1st over - 1 run, 1 hit, 0 errors, 0 left on base; Biloxi 1 - Tulsa 0 |
BOTTOM OF THE 1ST |
Tulsa Drillers batting - Pitching for Biloxi Shuckers : RHP Ernie Schmutz
|
Pitching: RHP Ernie Schmutz
|
|
Batting: RHB Marcos Villalobos
|
0-0: Ball 1-0: Ball 2-0: Foul Ball, location: 2F 2-1: Ground out 6-3 (Groundball, 6, EV 88.8 MPH)
|
Batting: SHB Nate Kopchak
|
0-0: Ball 1-0: Ball 2-0: Ball 3-0: Base on Balls
|
Batting: LHB Kevin Wiebe
|
0-0: Called Strike 0-1: Ball 1-1: Called Strike 1-2: Ball 2-2: Ball 3-2: SINGLE (Line Drive, 89S, EV 89.4 MPH) Nate Kopchak to second Runner from 2nd tries for 3rd, SAFE, no throw by RF
|
Batting: LHB Chris Buchan
|
0-0: Ball 1-0: Fielders Choice at 2nd, 4-6 (Groundball, 34, EV 103.8 MPH) Nate Kopchak scores
|
Batting: SHB Justin Toth
|
0-0: Ball 1-0: Ground out 4-3 (Groundball, 34D, EV 108.8 MPH)
|
Bottom of the 1st over - 1 run, 1 hit, 0 errors, 1 left on base; Biloxi 1 - Tulsa 1 |
TOP OF THE 2ND |
Biloxi Shuckers batting - Pitching for Tulsa Drillers : RHP Eddie Usrey
|
Batting: RHB Steve Byerly
|
0-0: Foul Ball, location: 2F 0-1: Fly out, F4 (Popup, 4, EV 78.8 MPH)
|
Batting: RHB Josh Nelson
|
0-0: Ball 1-0: SOLO HOME RUN (Flyball, 9LD, EV 88.1 MPH), Distance : 325 ft
|
Batting: RHB Brian Landrum
|
0-0: Ball 1-0: Ball 2-0: SINGLE (Flyball, 6MD, EV 96.2 MPH)
|
Batting: RHB Chris Fruit
|
0-0: Ball 1-0: Ball 2-0: Ball 3-0: Called Strike 3-1: Fielders Choice at 2nd, 6-4 (Groundball, 56, EV 88.8 MPH)
|
Batting: SHB Robert Sayer
|
0-0: Ball 1-0: Ground out 4-3 (Groundball, 34D, EV 86.2 MPH)
|
Top of the 2nd over - 1 run, 2 hits, 0 errors, 1 left on base; Biloxi 2 - Tulsa 1 |
BOTTOM OF THE 2ND |
Tulsa Drillers batting - Pitching for Biloxi Shuckers : RHP Ernie Schmutz
|
Batting: RHB Aaron Burress
|
0-0: Ball 1-0: Called Strike 1-1: Called Strike 1-2: Strikes out swinging
|
Batting: LHB Chris Barrera
|
0-0: Fly out, F7 (Flyball, 78S, EV 91.2 MPH)
|
Batting: RHB Tony Rivera
|
0-0: Ball 1-0: Called Strike 1-1: Swinging Strike 1-2: Fly out, F8 (Flyball, 8LS, EV 88.1 MPH)
|
Bottom of the 2nd over - 0 runs, 0 hits, 0 errors, 0 left on base; Biloxi 2 - Tulsa 1 |
TOP OF THE 3RD |
Biloxi Shuckers batting - Pitching for Tulsa Drillers : RHP Eddie Usrey
|
Batting: RHB Nick Cummings
|
0-0: Called Strike 0-1: Foul Ball, location: 2F 0-2: Ball 1-2: Foul Ball, location: 2F 1-2: Fly out, F6 (Popup, 4MS, EV 67.5 MPH)
|
Batting: SHB Mike Williams
|
0-0: Ball 1-0: Foul Ball, location: 2F 1-1: DOUBLE (Line Drive, 3D, EV 100.6 MPH)
|
Batting: SHB Orlando Torres
|
0-0: Called Strike Mike Williams steals 3rd base 0-1: Swinging Strike 0-2: Fly out, F9 (Line Drive, 89M, EV 93.8 MPH) Runner from 3rd tags up, OUT at HOME! 9-2
|
Top of the 3rd over - 0 runs, 1 hit, 0 errors, 0 left on base; Biloxi 2 - Tulsa 1 |
BOTTOM OF THE 3RD |
Tulsa Drillers batting - Pitching for Biloxi Shuckers : RHP Ernie Schmutz
|
Batting: RHB Kyle Garrett
|
0-0: Ball 1-0: SINGLE (Line Drive, 89S, EV 96.2 MPH)
|
Batting: RHB Marcos Villalobos
|
0-0: Ball 1-0: Foul Ball, location: 2F 1-1: Swinging Strike 1-2: Ball 2-2: Ball 3-2: Foul Ball, location: 2F 3-2: Foul Ball, location: 2F 3-2: Foul Ball, location: 2F 3-2: Fielders Choice at 2nd, 5-4 (Groundball, 56, EV 86.9 MPH)
|
Batting: SHB Nate Kopchak
|
0-0: Called Strike 0-1: Ball 1-1: Fly out, F7 (Line Drive, 78M, EV 92.5 MPH)
|
Pitching: RHP Ronnie DeVries
|
|
Batting: LHB Kevin Wiebe
|
0-0: Called Strike 0-1: Ball 1-1: Foul Ball, location: 2F 1-2: Ground out 6-3 (Groundball, 4, EV 78.8 MPH)
|
Bottom of the 3rd over - 0 runs, 1 hit, 0 errors, 1 left on base; Biloxi 2 - Tulsa 1 |
TOP OF THE 4TH |
Biloxi Shuckers batting - Pitching for Tulsa Drillers : RHP Eddie Usrey
|
Batting: LHB Pablo Cardona
|
0-0: Ball 1-0: Ball 2-0: Ball 3-0: Called Strike 3-1: Foul Ball, location: 2F 3-2: Fly out, F7 (Line Drive, 78M, EV 92.5 MPH)
|
Batting: RHB Steve Byerly
|
0-0: SINGLE (Groundball, 5D, EV 97.5 MPH)
|
Batting: RHB Josh Nelson
|
0-0: Ball 1-0: Ball 2-0: Grounds into double play, 4-6-3 (Groundball, 4, EV 91.9 MPH)
|
Top of the 4th over - 0 runs, 1 hit, 0 errors, 0 left on base; Biloxi 2 - Tulsa 1 |
BOTTOM OF THE 4TH |
Tulsa Drillers batting - Pitching for Biloxi Shuckers : RHP Ronnie DeVries
|
Pitching: RHP Chris Bedard
|
|
Batting: LHB Chris Buchan
|
0-0: Ball 1-0: Foul Ball, location: 2F 1-1: Ground out U3 (Groundball, 3, EV 93.1 MPH)
|
Batting: SHB Justin Toth
|
0-0: Fly out, F6 (Popup, 6M, EV 54.4 MPH)
|
Batting: RHB Aaron Burress
|
0-0: Ball 1-0: Ground out 6-3 (Groundball, 6, EV 103.1 MPH)
|
Bottom of the 4th over - 0 runs, 0 hits, 0 errors, 0 left on base; Biloxi 2 - Tulsa 1 |
TOP OF THE 5TH |
Biloxi Shuckers batting - Pitching for Tulsa Drillers : RHP Eddie Usrey
|
Batting: RHB Brian Landrum
|
0-0: Called Strike 0-1: SINGLE (Groundball, 4MD, EV 103.1 MPH)
|
Batting: RHB Chris Fruit
|
0-0: Foul Ball, location: 2F 0-1: Foul Ball, location: 2F 0-2: Ball 1-2: Ball 2-2: Strikes out swinging
|
Batting: SHB Robert Sayer
|
0-0: Ball 1-0: Ball Brian Landrum is caught stealing 2nd base 2-6 2-0: Called Strike 2-1: Ball 3-1: Ground out U3 (Groundball, 3L, EV 91.9 MPH)
|
Top of the 5th over - 0 runs, 1 hit, 0 errors, 0 left on base; Biloxi 2 - Tulsa 1 |
BOTTOM OF THE 5TH |
Tulsa Drillers batting - Pitching for Biloxi Shuckers : RHP Chris Bedard
|
Batting: LHB Chris Barrera
|
0-0: Called Strike 0-1: Foul Ball, location: 2F 0-2: Ball 1-2: Strikes out looking
|
Batting: RHB Tony Rivera
|
0-0: Called Strike 0-1: Ball 1-1: Called Strike 1-2: Ball 2-2: Ball 3-2: Foul Ball, location: 2F 3-2: Foul Ball, location: 2F 3-2: Foul Ball, location: 2F 3-2: Base on Balls
|
Batting: RHB Kyle Garrett
|
0-0: Called Strike 0-1: Swinging Strike 0-2: Ground out 6-3 (Groundball, 6MD, EV 103.8 MPH) Tony Rivera to second
|
Batting: RHB Marcos Villalobos
|
0-0: SINGLE (Line Drive, 34D, EV 95.0 MPH) Tony Rivera to third Runner from 3rd tries for Home, throw by RF and OUT! 9-2
|
Bottom of the 5th over - 0 runs, 1 hit, 0 errors, 1 left on base; Biloxi 2 - Tulsa 1 |
TOP OF THE 6TH |
Biloxi Shuckers batting - Pitching for Tulsa Drillers : RHP Eddie Usrey
|
Batting: RHB Nick Cummings
|
0-0: Foul Ball, location: 2F 0-1: Ball 1-1: Ball 2-1: Foul Ball, location: 2F 2-2: Ball 3-2: Fly out, F4 (Popup, 34D, EV 53.1 MPH)
|
Batting: SHB Mike Williams
|
0-0: Ball 1-0: Ground out 5-3 (Groundball, 56, EV 78.8 MPH)
|
Batting: SHB Orlando Torres
|
0-0: Ball 1-0: Ground out 6-3 (Groundball, 6M, EV 88.1 MPH)
|
Top of the 6th over - 0 runs, 0 hits, 0 errors, 0 left on base; Biloxi 2 - Tulsa 1 |
BOTTOM OF THE 6TH |
Tulsa Drillers batting - Pitching for Biloxi Shuckers : RHP Chris Bedard
|
Batting: SHB Nate Kopchak
|
0-0: SINGLE (Groundball, 6MS, EV 66.9 MPH) (infield hit)
|
Batting: LHB Kevin Wiebe
|
0-0: Ball 1-0: Ball 2-0: Ball 3-0: Base on Balls Nate Kopchak to second
|
Batting: LHB Chris Buchan
|
0-0: Foul Ball, location: 2F 0-1: Ball Passed Ball! Nate Kopchak to third Kevin Wiebe to second 1-1: Foul Ball, location: 2F 1-2: SINGLE (Groundball, 3, EV 108.1 MPH) Nate Kopchak scores Kevin Wiebe to third
|
Batting: SHB Justin Toth
|
0-0: Called Strike 0-1: Foul Ball, location: 2F 0-2: Ball 1-2: Fly out, F8 (Flyball, 8LM, EV 76.2 MPH)
|
Batting: RHB Aaron Burress
|
0-0: Ball 1-0: Grounds into double play, 6-4-3 (Groundball, 6, EV 82.5 MPH)
|
Bottom of the 6th over - 1 run, 2 hits, 0 errors, 1 left on base; Biloxi 2 - Tulsa 2 |
TOP OF THE 7TH |
Biloxi Shuckers batting - Pitching for Tulsa Drillers : RHP Eddie Usrey
|
Batting: LHB Pablo Cardona
|
0-0: Swinging Strike 0-1: Ball 1-1: Ball 2-1: Foul Ball, location: 2F 2-2: Foul Ball, location: 2F 2-2: Foul Ball, location: 2F 2-2: SINGLE (Line Drive, 78M, EV 100.0 MPH)
|
Batting: RHB Steve Byerly
|
0-0: Swinging Strike 0-1: Called Strike Pickoff Throw by Catcher to First - Out! 0-2: Foul Ball, location: 2F 0-2: Ball 1-2: SINGLE (Line Drive, 89S, EV 103.8 MPH)
|
Batting: RHB Josh Nelson
|
0-0: Grounds into double play, 6-4-3 (Groundball, 6, EV 104.4 MPH)
|
Top of the 7th over - 0 runs, 2 hits, 0 errors, 0 left on base; Biloxi 2 - Tulsa 2 |
BOTTOM OF THE 7TH |
Tulsa Drillers batting - Pitching for Biloxi Shuckers : RHP Chris Bedard
|
Pitching: LHP Matt Wojtkiewicz
|
|
Pinch Hitting: RHB Robby Cuellar
|
0-0: Called Strike 0-1: Ball 1-1: Ball 2-1: Called Strike 2-2: Strikes out swinging
|
Batting: RHB Tony Rivera
|
0-0: Called Strike 0-1: Hit by Pitch
|
Batting: RHB Kyle Garrett
|
0-0: Foul Ball, location: 2F 0-1: 2-RUN HOME RUN (Line Drive, 78XD, EV 98.8 MPH), Distance : 390 ft
|
Batting: RHB Marcos Villalobos
|
0-0: Called Strike 0-1: SOLO HOME RUN (Flyball, 7D, EV 93.1 MPH), Distance : 360 ft
|
Pitching: LHP Randy Yarrigle
|
|
Batting: SHB Nate Kopchak
|
0-0: Ball 1-0: Ball 2-0: Ball 3-0: Called Strike 3-1: Fly out, F4 (Popup, 4S, EV 65.0 MPH)
|
Batting: LHB Kevin Wiebe
|
0-0: Called Strike 0-1: Swinging Strike 0-2: Ball 1-2: Ball 2-2: Foul Ball, location: 2F 2-2: Foul Ball, location: 2F 2-2: Strikes out swinging
|
Bottom of the 7th over - 3 runs, 2 hits, 0 errors, 0 left on base; Biloxi 2 - Tulsa 5 |
TOP OF THE 8TH |
Biloxi Shuckers batting - Pitching for Tulsa Drillers : RHP Eddie Usrey
|
Now in RF: Nick Getz
|
|
Batting: RHB Brian Landrum
|
0-0: Called Strike 0-1: Ground out 5-3 (Groundball, 56S, EV 84.4 MPH)
|
Batting: RHB Chris Fruit
|
0-0: Ball 1-0: DOUBLE (Line Drive, 78XD, EV 108.1 MPH)
|
Batting: SHB Robert Sayer
|
0-0: Foul Ball, location: 2F 0-1: Foul Ball, location: 2F 0-2: SINGLE (Groundball, 4MS, EV 76.2 MPH) (infield hit) Chris Fruit to third
|
Batting: RHB Nick Cummings
|
0-0: Called Strike 0-1: Foul Ball, location: 2F 0-2: Foul Ball, location: 2F 0-2: Ball 1-2: Ball 2-2: Foul Ball, location: 2F 2-2: Ball 3-2: Foul Ball, location: 2F 3-2: Grounds into double play, 6-4-3 (Groundball, 6, EV 105.0 MPH)
|
Top of the 8th over - 0 runs, 2 hits, 0 errors, 1 left on base; Biloxi 2 - Tulsa 5 |
BOTTOM OF THE 8TH |
Tulsa Drillers batting - Pitching for Biloxi Shuckers : LHP Randy Yarrigle
|
Batting: LHB Chris Buchan
|
0-0: Ball 1-0: Called Strike 1-1: Swinging Strike 1-2: Ground out 6-3 (Groundball, P, EV 87.5 MPH)
|
Batting: SHB Justin Toth
|
0-0: Called Strike 0-1: Foul Ball, location: 2F 0-2: Ball 1-2: Ball 2-2: Strikes out swinging
|
Batting: RHB Aaron Burress
|
0-0: Ball 1-0: Foul Ball, location: 2F 1-1: Fly out, F8 (Flyball, 8RM, EV 88.1 MPH)
|
Bottom of the 8th over - 0 runs, 0 hits, 0 errors, 0 left on base; Biloxi 2 - Tulsa 5 |
TOP OF THE 9TH |
Biloxi Shuckers batting - Pitching for Tulsa Drillers : RHP Eddie Usrey
|
Batting: SHB Mike Williams
|
0-0: Ball 1-0: Ball 2-0: Ground out U3 (Groundball, 34S, EV 88.8 MPH)
|
Batting: SHB Orlando Torres
|
0-0: Called Strike 0-1: Ball 1-1: Ball 2-1: Ball 3-1: Foul Ball, location: 2F 3-2: Foul Ball, location: 2F 3-2: Foul Ball, location: 2F 3-2: Fly out, F8 (Line Drive, 8LD, EV 90.6 MPH)
|
Batting: LHB Pablo Cardona
|
0-0: Called Strike 0-1: Ground out 4-3 (Groundball, 4S, EV 87.5 MPH)
|
Top of the 9th over - 0 runs, 0 hits, 0 errors, 0 left on base; Biloxi 2 - Tulsa 5 |
|